AoeStats
← Condorito Superstar

Yucatan

510630636Analyzed
2v2 RM · 24h ago on Oct 1, 2026· 81m 13s· 4 players
Game mode
Random Map
Map size
Medium (4 player)
Population
200
Speed
Normal
Resources
Standard
Victory
Conquest
Starting age
Dark Age
Ending age
Imperial Age
RankedLock teamsTeams togetherTeam positionsShared explorationLock speedFull tech treeHidden civsTurbo modeCheats
Victory
Defeat
🇺🇸 Mongols · United States
1057
+16
🇺🇸 Persians · United States
1055
+16
🇺🇸 Goths · United States
1084
-17
🇵🇪 Spanish · Peru
1036
-15
GJBrannock
9:58 Loom
13:27 Feudal Age
23:57 Town Watch
24:16 Double-Bit Axe
24:43 Fletching
27:29 Castle Age
29:45 Wheelbarrow
36:09 Wheelbarrow
40:06 Bow Saw
44:59 Horse Collar
45:55 Heavy Plow
52:34 Gold Mining
52:35 Stone Mining
53:44 Hand Cart
53:29 Town Patrol
58:00 Imperial Age
58:17 Imperial Age
55:53 Kamandaran
58:25 Gold Shaft Mining
58:26 Stone Shaft Mining
58:10 Bodkin Arrow
58:23 Scale Barding Armor
58:26 Husbandry
58:37 Bloodlines
59:03 Conscription
59:10 Citadels
59:36 Hoardings
59:33 Chain Barding Armor
59:23 Forging
58:38 Cavalier
61:00 Iron Casting
61:00 Plate Barding Armor
60:44 Savar
62:58 Blast Furnace
70:51 Ballistics
70:43 Masonry
71:35 Chemistry
72:06 Padded Archer Armor
72:06 Scale Mail Armor
72:37 Elite War Elephant
79:44 Crossbowman
80:30 Thumb Ring
The Gobbler
6:28 Loom
9:00 Feudal Age
14:05 Castle Age
19:56 Horse Collar
20:34 Double-Bit Axe
25:40 Wheelbarrow
25:06 Fletching
27:23 Heavy Plow
27:37 Bow Saw
28:52 Bodkin Arrow
28:57 Padded Archer Armor
29:18 Hand Cart
29:38 Bloodlines
29:30 Husbandry
30:56 Leather Archer Armor
31:30 Light Cavalry
34:53 Imperial Age
34:24 Forging
34:20 Scale Barding Armor
35:53 Ballistics
36:11 Iron Casting
36:39 Chemistry
35:14 Hussar
36:58 Bracer
38:46 Murder Holes
40:15 Town Watch
42:31 Elite Mangudai
44:02 Nomads
51:54 Conscription
56:42 Blast Furnace
56:58 Chain Barding Armor
60:40 Siege Engineers
77:20 Coinage
76:28 Capped Ram
79:27 Siege Ram
Condorito Superstar
0:53 Loom
9:06 Feudal Age
11:47 Wheelbarrow
12:39 Man-at-Arms
15:44 Double-Bit Axe
18:44 Fletching
18:57 Scale Mail Armor
22:39 Castle Age
21:28 Stone Mining
21:56 Padded Archer Armor
23:28 Bodkin Arrow
24:13 Chain Mail Armor
24:42 Forging
25:05 Hand Cart
24:51 Horse Collar
31:58 Squires
34:04 Bow Saw
33:52 Gold Mining
37:05 Iron Casting
39:38 Imperial Age
38:41 Anarchy
38:51 Pikeman
40:03 Town Watch
41:20 Blast Furnace
40:44 Conscription
39:52 Halberdier
40:36 Bracer
40:50 Perfusion
42:15 Leather Archer Armor
42:22 Heavy Plow
42:14 Elite Skirmisher
43:59 Stone Shaft Mining
42:57 Elite Huskarl
44:36 Ring Archer Armor
49:53 Town Patrol
51:26 Two-Man Saw
51:32 Ballistics
52:12 Chemistry
53:37 Husbandry
53:47 Bloodlines
54:17 Crop Rotation
55:55 Scale Barding Armor
55:13 Light Cavalry
57:01 Chain Barding Armor
59:42 Sanctity
59:33 Fervor
61:38 Murder Holes
61:53 Masonry
61:24 Treadmill Crane
64:40 Architecture
CarolusGulielmus
0:59 Loom
10:32 Feudal Age
11:14 Double-Bit Axe
19:01 Castle Age
18:29 Stone Mining
20:26 Wheelbarrow
22:07 Bow Saw
24:48 Stone Shaft Mining
27:37 Elite Skirmisher
30:45 Scale Mail Armor
31:40 Scale Barding Armor
34:12 Imperial Age
36:29 Chemistry
37:09 Hand Cart
37:56 Town Watch
39:55 Pikeman
43:00 Elite Cannon Galleon
43:46 Gold Mining
43:49 Fletching
44:06 Cavalier
47:55 Forging
52:47 Ballistics
57:05 Two-Man Saw
56:29 Conscription
56:49 Iron Casting
56:23 Halberdier
61:22 Chain Barding Armor
64:48 Plate Barding Armor
71:51 Murder Holes
77:05 Chain Mail Armor
Connection lost

Rejoining the realm…

Still unreachable

The connection could not be restored.

Session expired

The server has moved on; the page needs a fresh start.